 Dungeon Crawl Stone Soup version 0.27.1-3-gb3d3a73c9e (webtiles) character file.

Game seed: 10211469698411032675

157343 raph the Geomancer (level 17, -12/96 HPs)
             Began as a Deep Elf Earth Elementalist on Oct 29, 2021.
             Was an Elder of Sif Muna.
             Killed from afar by Nikola (91 damage)
             ... with an arc of chain lightning
             ... on level 3 of the Swamp.
             The game lasted 01:37:55 (48900 turns).

raph the Geomancer (Deep Elf Earth Elementalist)   Turns: 48900, Time: 01:37:56

Health: -12/96     AC: 13    Str:  4    XL:     17   Next: 12%
Magic:  4/34       EV: 22    Int: 26    God:    Sif Muna [****..]
Gold:   2157       SH:  8    Dex: 22    Spells: 2/39 levels left

rFire    + . .     SeeInvis .   a - +7 falchion (pain)
rCold    . . .     Faith    .   J - +2 buckler {AC+3}
rNeg     . . .     Spirit   .   i - +1 leather armour {rPois}
rPois    +         Reflect  .   g - +1 helmet
rElec    .         Harm     .   I - +0 cloak
rCorr    .         Rampage  .   T - +1 pair of gloves
Will     +....                  G - +0 pair of boots
Stlth    ++++......             B - amulet of the acrobat
HPRegen  0.26/turn              S - +6 ring of dexterity
MPRegen  0.24/turn              s - +4 ring of evasion

@: studying 2 skills
A: hooves 1, fire resistance 1, weak 1, noise suppression
a: Renounce Religion, Channel Magic, Forget Spell, Divine Exegesis


You were on level 3 of the Swamp.
You worshipped Sif Muna.
Sif Muna was greatly pleased with you.
You visited 5 branches of the dungeon, and saw 27 of its levels.
You also visited: Bailey.

You collected 2596 gold pieces.
You spent 439 gold pieces at shops.

Inventory:

Hand Weapons
 a - a +7 falchion of pain (weapon)
 b - a +4 scimitar of flaming
 w - the +7 hand crossbow "Bytoz" {vorpal, Str+8 Int-2}
   (You found it on level 1 of the Lair of Beasts)

   Any ammunition fired from it inflicts extra damage upon your enemies.
   Str:       It affects your strength (+8).
   Int:       It affects your intelligence (-2).
Missiles
 k - 68 bolts
 H - 471 stones
 K - 2 throwing nets
Armour
 g - a +1 helmet (worn)
 i - a +1 leather armour of poison resistance (worn)
 y - +1 steam dragon scales
 G - a +0 pair of boots (worn)
 I - a +0 cloak (worn)
 J - a +2 buckler of protection (worn)
 L - the +5 robe of Lugonu's Scorn {rN+++ Slay+6 Archmagi}
   (You found it on level 8 of the Dungeon)

   Slay:      It affects your accuracy & damage with ranged weapons and melee
   (+6).
   rN:        It renders you almost immune to negative energy.
   Archmagi:  It increases the power of your magical spells.
 T - a +1 pair of gloves (worn)
Jewellery
 s - a +4 ring of evasion (right hand)
 v - a +6 ring of strength
 B - an amulet of the acrobat (around neck)
 S - a +6 ring of dexterity (left hand)
 W - a ring of ice
 X - a ring of flight
 Y - a ring of see invisible
Wands
 u - a wand of iceblast (25)
 C - a wand of paralysis (27)
 F - a wand of charming (8)
 N - a wand of acid (13)
 O - a wand of digging (1)
 P - a wand of flame (85)
 U - a wand of mindburst (17)
Scrolls
 f - 2 scrolls of silence
 h - 13 scrolls of teleportation
 l - 3 scrolls of blinking
 n - 8 scrolls of magic mapping
 o - 2 scrolls of amnesia
 q - 2 scrolls of fog
 r - 5 scrolls of brand weapon
 D - 8 scrolls of identify
 M - a scroll of summoning
Potions
 c - 6 potions of might
 d - 4 potions of heal wounds
 e - a potion of resistance
 j - 3 potions of brilliance
 m - 14 potions of curing
 p - 5 potions of cancellation
 x - a potion of ambrosia
 z - 4 potions of flight
 A - 2 potions of invisibility
 E - a potion of haste
 V - 6 potions of magic
Miscellaneous
 t - a lightning rod (4/4)
 Q - a box of beasts
 Z - a phantom mirror


   Skills:
 + Level 7.5 Fighting
 * Level 9.6 Long Blades
 + Level 2.8 Armour
 + Level 11.0 Dodging
 + Level 9.1 Stealth
 - Level 4.0 Shields
 + Level 11.6 Spellcasting
 * Level 12.7 Conjurations
 - Level 9.8 Hexes
 * Level 12.0 Necromancy
 - Level 1.1 Transmutations
 - Level 4.7 Ice Magic
 + Level 1.8 Air Magic
 * Level 13.0 Earth Magic
 + Level 10.9 Invocations
 + Level 1.1 Evocations


You had 2 spell levels left.
You knew the following spells:

 Your Spells              Type           Power      Damage    Failure   Level
a - Sandblast             Erth           100%       2d20      1%          1
b - Passwall              Tmut/Erth      42%        N/A       1%          2
c - Stone Arrow           Conj/Erth      100%       3d13      1%          3
d - Magic Dart            Conj           100%       1d8       1%          1
e - Tukima's Dance        Hex            60%        N/A       1%          3
f - Iron Shot             Conj/Erth      35%        9d7       5%          6
g - Bolt of Magma         Conj/Fire/Erth 28%        4d13      5%          5
h - Hailstorm             Conj/Ice       57%        3d12      1%          4
i - Petrify               Tmut/Erth      51%        N/A       3%          4
j - Borgnjor's Vile Clut  Necr/Erth      34%        N/A       1%          5
k - Swiftness             Air            24%        N/A       10%         3

Your spell library contained the following spells:

 Spells                   Type           Power      Damage    Failure   Level
 Corona                   Hex            66%        N/A       1%          1
 Foxfire                  Conj/Fire      100%       2x1d9     1%          1
 Freeze                   Ice            100%       1d11      1%          1
 Shock                    Conj/Air       100%       1d9       1%          1
 Ensorcelled Hibernation  Hex/Ice        100%       N/A       1%          2
 Searing Ray              Conj           100%       3d7       1%          2
 Sublimation of Blood     Necr           33%        N/A       1%          2
 Conjure Flame            Conj/Fire      48%        6-21      1%          3
 Dazzling Flash           Conj/Hex       100%       N/A       1%          3
 Animate Dead             Necr           33%        N/A       1%          4
 Dispel Undead            Necr           67%        3d23      1%          4
 Fulminant Prism          Conj/Hex       32%        3d16      1%          4
 Frozen Ramparts          Ice            78%        1d9       2%          3
 Inner Flame              Hex/Fire       40%        N/A       2%          3
 Mephitic Cloud           Conj/Pois/Air  40%        N/A       2%          3
 Sticky Flame             Conj/Fire      48%        2d7       4%          4
 Death Channel            Necr           33%        N/A       8%          6
 Irradiate                Conj/Tmut      25%        3d22      11%         5
 Fireball                 Conj/Fire      24%        3d11      14%         5
 Ignite Poison            Fire/Tmut/Pois 17%        N/A       17%         3
 Silence                  Hex/Air        22%        N/A       17%         5
 Ice Form                 Ice/Tmut       30%        N/A       21%         4
 Summon Ice Beast         Ice/Summ       27%        N/A       26%         4
 Airstrike                Air            12%        N/A       32%         4
 Summon Lightning Spire   Summ/Air       19%        N/A       43%         4
 Olgreb's Toxic Radiance  Pois           15%        N/A       56%         4
 Passage of Golubria      Tloc           N/A        N/A       56%         4
 Starburst                Conj/Fire      24%        6d8       58%         6
 Blade Hands              Tmut           10%        N/A       75%         5
 Summon Forest            Summ/Tloc      7%         N/A       88%         5
 Lehudib's Crystal Spear  Conj/Erth      35%        10d9      92%         8
 Dispersal                Tloc           7%         N/A       100%        6
 Dragon Form              Tmut           10%        N/A       100%        7
 Ignition                 Fire           7%         3d5       100%        8
 Shatter                  Erth           35%        3d28*     100%        9


Dungeon Overview and Level Annotations

Branches:
Dungeon (15/15)            Temple (1/1) D:7            Lair (6/6) D:10
  Swamp (3/4) Lair:2        Snake (0/4) Lair:2        Slime (0/5) Lair:6
    Orc (2/2) D:9             Elf (0/3) Orc:2        Vaults (0/5) D:13
 Depths (0/5) D:15         Bailey (visited)

Altars:
Dithmenos
Elyvilon
Fedhas
Hepliaklqana
Makhleb
Nemelex Xobeh
Okawaru
Ru
Sif Muna
Uskayaw
Vehumet
The Shining One

Shops:
D:2 *   Orc:2 (*=[

Annotations:
D:13 3 runed translucent doors, Leinaam's ghost, journeyman MiBe; Xeymp's ghost, journeyman SpEn
D:15 2 transporters, Ligaucub's ghost, journeyman BaSu
Lair:3 exclusion: oklob plant
Swamp:3 Nikola
Orc:1 3 runed translucent doors, Segg's ghost, adept GnSk


Innate Abilities, Weirdness & Mutations

You have large cloven feet.
Your flesh is heat resistant. (rF+)
You are weak. (Str -2)
You passively dampen the noise of your surroundings.


Message History

Casting: Iron Shot (dangerous; 5% risk of failure)
Confirm with . or Enter, or press ? or * to list all spells.
Aiming: Iron Shot (dangerous; 5% risk of failure)
Press: ? - help, Shift-Dir - straight line, f/p - spriggan rider
Aim: a spriggan rider, wielding a +0 spear (almost dead, constricted by zombie hands, 94% to hit)
The iron shot hits the spriggan rider!!!
You kill the spriggan rider!
Sif Muna accepts your kill.
You kill the hornet!
Sif Muna accepts your kill.
You hear a splash.
Casting: Iron Shot (dangerous; 5% risk of failure)
Confirm with . or Enter, or press ? or * to list all spells.
Aiming: Borgnjor's Vile Clutch (dangerous; 1% risk of failure)
Press: ? - help, Shift-Dir - straight line, f - Nikola
Aim: Nikola, wielding a +4 rapier of electrocution, wearing a +0 cloak and wearing a +0 pair of gloves (100% to hit)
Zombie hands grab Nikola.
The zombie hands constrict Nikola!
Nikola struggles to escape constriction.
The zombie hands constrict Nikola!
Nikola casts a spell.
Nikola struggles to blink free from constriction.
Casting: Borgnjor's Vile Clutch (dangerous; 1% risk of failure)
Confirm with . or Enter, or press ? or * to list all spells.
Aiming: Bolt of Magma (dangerous; 5% risk of failure)
Press: ? - help, Shift-Dir - straight line, f/p - Nikola
Aim: Nikola, wielding a +4 rapier of electrocution, wearing a +0 cloak and wearing a +0 pair of gloves (lightly wounded, constricted by zombie hands, 100% to hit)
The bolt of magma hits Nikola!!
Nikola is moderately wounded.
The zombie hands constrict Nikola.
Nikola escapes!
Casting: Bolt of Magma (dangerous; 5% risk of failure)
Confirm with . or Enter, or press ? or * to list all spells.
Aiming: Bolt of Magma (dangerous; 5% risk of failure)
Press: ? - help, Shift-Dir - straight line, f/p - Nikola
Aim: Nikola, wielding a +4 rapier of electrocution, wearing a +0 cloak and wearing a +0 pair of gloves (moderately wounded, 75% to hit)
The bolt of magma misses Nikola.
Nikola casts a spell.
Lightning arcs from Nikola's hands!
The bolt of lightning hits you!!!!
Ouch! That really hurt!
You die...

♣ ♣♣≈...♣♣♣ ♣♣...§..♣♣♣♣
♣ ♣§..≈≈≈♣♣♣♣♣.[.♣♣♣♣♣..
♣♣...≈≈♣.♣......♣........
♣♣♣≈<♣♣♣......♣≈.......♣♣
♣♣♣♣....♣...≈≈≈≈.......
♣♣...♣@♣.≈≈≈....♣...
♣......♣.≈≈≈...♣....
♣.......≈≈≈≈≈......♣
♣♣....@...≈♣..../..♣
♣♣♣......)†.......♣
♣.♣..♣♣♣♣...♣.♣♣♣ ♣♣♣♣♣♣
♣...♣ ♣♣.§≈≈ ≈≈.≈..
..≈.... .≈.≈≈.. ♣♣.♣♣♣.


You could see Nikola.

Vanquished Creatures
  Jorgrun (Orc:2)
  Rupert (Lair:3)
  A fire giant (D:15)
  4 orc warlords
  3 bunyips (Swamp:1)
  2 deep elf death magi (D:14)
  An eleionoma (Swamp:2)
  Josephine (D:15)
  A shambling mangrove (Swamp:3)
  Harold (Lair:1)
  Erica (D:9)
  4 boulder beetles
  3 vault guards (D:13)
  Fannar (Lair:3)
  A spriggan air mage (Swamp:3)
  2 ogre magi (D:13)
  11 hydras
  6 centaur warriors
  4 merfolk avatars (Swamp:2)
  An alligator (Swamp:2)
  11 death yaks
  4 two-headed ogres
  3 orc high priests (Orc:2)
  A spriggan (Swamp:3)
  A fire crab (shapeshifter) (D:10)
  A goliath frog (Lair:6)
  A death drake (Swamp:1)
  2 lindwurms
  A deep elf archer (D:14)
  A wizard (D:9)
  6 bog bodies
  3 orc knights
  A deep elf zephyrmancer (D:11)
  3 deep elf pyromancers
  7 orc sorcerers
  12 ugly things
  3 cyclopes
  A will-o-the-wisp (Swamp:2)
  3 manticores
  6 elephants
  An eye of devastation (Lair:6)
  8 black mambas
  A gargoyle (D:14)
  18 cane toads
  3 rime drakes
  2 kobold demonologists (D:11)
  8 komodo dragons
  A yaktaur (D:13)
  9 trolls
  4 hornets
  9 tyrant leeches
  A meliai zombie (D:11)
  21 slime creatures
  24 blink frogs
  6 wraiths
  A spriggan (shapeshifter) (D:9)
  2 shadows (D:9)
  4 wyverns
  2 vampires
  20 yaks
  2 basilisks
  A human (D:11)
  3 steam dragons
  19 vampire mosquitoes
  12 wargs
  9 swamp worms
  3 nagas (Lair:2)
  8 water moccasins
  A floating eye (Lair:6)
  33 orc warriors
  A swamp drake (Swamp:1)
  A hornet zombie (D:6)
  An ice beast (D:6)
  A sky beast (D:7)
  5 black bears
  2 necrophages
  7 ogres
  13 wolves
  3 phantoms
  14 centaurs
  A kobold brigand (D:6)
  Blork the orc (D:4)
  13 bullfrogs
  A scorpion (D:6)
  2 water moccasin skeletons
  5 killer bees (D:5)
  A troll zombie (D:9)
  6 electric eels
  5 howler monkeys
  A crimson imp (D:9)
  5 centaur zombies
  6 hounds
  A jelly (D:8)
  22 orc priests
  2 centaur skeletons
  16 orc wizards
  4 iguanas
  5 hell rats (Lair:5)
  A killer bee zombie (D:9)
  5 ogre zombies (D:9)
  A hound skeleton (D:5)
  4 howler monkey zombies
  10 adders
  4 gnolls (D:5)
  A howler monkey skeleton (D:4)
  A shadow imp (D:8)
  3 white imps
  2 adder skeletons
  3 worms
  A dart slug (D:3)
  84 orcs
  8 ball pythons
  9 bats
  5 endoplasms
  2 giant cockroaches (D:3)
  9 goblins
  9 hobgoblins
  6 quokkas
  5 frilled lizards
  4 goblin skeletons (D:9)
  2 goblin zombies (D:9)
  A hobgoblin skeleton (D:9)
  2 hobgoblin zombies (D:9)
  14 kobolds
  5 orc skeletons (D:9)
  5 orc zombies (D:9)
  A rat (D:2)
709 creatures vanquished.

Vanquished Creatures (collateral kills)
  Louise (D:15)
  Nessos (D:15)
  A centaur warrior (D:14)
  An orc knight (D:13)
  A komodo dragon (Lair:5)
  16 orc warriors
  8 centaurs
  3 orc priests
  4 orc wizards
  8 orcs
44 creatures vanquished.

Vanquished Creatures (others)
  9 dancing weapons
  An orc (Orc:2)
  45 fungi
  156 plants
  6 withered plants (D:13)
217 creatures vanquished.

Grand Total: 970 creatures vanquished

Notes
Turn   | Place    | Note
-------+----------+-------------------------------------------
     0 | D:1      | raph the Deep Elf Earth Elementalist began the quest for
                  | the Orb.
     0 | D:1      | Reached XP level 1. HP: 10/10 MP: 6/6
    72 | D:1      | Found a faded altar of an unknown god.
    80 | D:1      | Got Plato's Catalogue of Confrontation
    86 | D:1      | Learned a level 1 spell: Magic Dart
   804 | D:1      | Reached XP level 2. HP: 15/15 MP: 4/8
   858 | D:1      | Learned a level 2 spell: Passwall
  1392 | D:2      | Reached XP level 3. HP: 20/20 MP: 6/9
  1489 | D:2      | Learned a level 3 spell: Stone Arrow
  1711 | D:2      | Found Yraseok's Assorted Antiques.
  2306 | D:2      | Reached skill level 1 in Fighting
  2306 | D:2      | Reached skill level 4 in Earth Magic
  2430 | D:2      | Reached skill level 1 in Conjurations
  2723 | D:3      | Reached XP level 4. HP: 25/25 MP: 8/11
  3930 | D:3      | Reached XP level 5. HP: 29/29 MP: 7/12
  4259 | D:3      | Learned a level 3 spell: Tukima's Dance
  4403 | D:3      | Noticed an ogre
  4458 | D:3      | Killed an ogre
  4459 | D:3      | Reached skill level 1 in Hexes
  5008 | D:4      | Noticed an ogre
  5011 | D:4      | Killed an ogre
  5012 | D:4      | Reached XP level 6. HP: 34/34 MP: 12/14
  5526 | D:4      | Reached skill level 5 in Earth Magic
  6244 | D:5      | Entered Level 5 of the Dungeon
  6251 | D:5      | Reached XP level 7. HP: 18/39 MP: 6/15
  7200 | D:5      | Found a glowing golden altar of the Shining One.
  7574 | D:5      | Reached skill level 5 in Spellcasting
  7831 | D:5      | Reached XP level 8. HP: 44/44 MP: 7/17
  8453 | D:5      | Reached skill level 6 in Earth Magic
  8857 | D:5      | Reached skill level 5 in Stealth
  8857 | D:5      | Reached skill level 5 in Hexes
  9002 | D:6      | Reached skill level 5 in Conjurations
  9222 | D:6      | Reached skill level 5 in Dodging
  9301 | D:6      | Reached XP level 9. HP: 49/49 MP: 9/19
  9326 | D:6      | Reached skill level 7 in Earth Magic
  9538 | D:6      | Found a shadowy altar of Dithmenos.
 10990 | D:7      | Found a staircase to the Ecumenical Temple.
 11011 | Temple   | Entered the Ecumenical Temple
 11026 | Temple   | Became a worshipper of Sif Muna the Loreminder
 11319 | D:7      | Found a flagged portal.
 11328 | Bailey   | Entered a bailey
 11388 | Bailey   | Reached * piety under Sif Muna
 12046 | Bailey   | Learned a level 2 spell: Ensorcelled Hibernation
 12912 | Bailey   | Reached XP level 10. HP: 49/56 MP: 5/22
 12926 | Bailey   | Reached skill level 8 in Earth Magic
 13439 | Bailey   | Reached skill level 9 in Earth Magic
 13439 | Bailey   | Reached XP level 11. HP: 62/62 MP: 22/25
 14191 | D:7      | Reached ** piety under Sif Muna
 14382 | D:7      | Found an iron altar of Okawaru.
 15822 | D:4      | Noticed Blork the orc
 15827 | D:4      | Killed Blork the orc
 16125 | D:4      | Found a blossoming altar of Fedhas.
 16401 | D:2      | Bought a helmet for 144 gold pieces
 16401 | D:2      | Bought a scroll of identify for 64 gold pieces
 16401 | D:2      | Bought a scroll of identify for 64 gold pieces
 16412 | D:2      | Learned a level 4 spell: Summon Ice Beast
 16417 | D:2      | Learned a level 4 spell: Hailstorm
 16418 | D:2      | Bought a scroll labelled LEEGUOQOAH for 32 gold pieces
 16738 | D:8      | Identified a scroll of acquirement
 16738 | D:8      | Acquired a +0 buckler of protection
 16895 | D:8      | Identified the +5 robe of Lugonu's Scorn {rN+++ Slay+6
                  | Archmagi}
 16925 | D:8      | Reached skill level 1 in Shields
 17512 | D:9      | Found a staircase to the Orcish Mines.
 17884 | D:9      | Noticed a cyan ugly thing
 17889 | D:9      | Killed a cyan ugly thing
 17890 | D:9      | Reached skill level 1 in Necromancy
 18059 | D:9      | Reached skill level 1 in Long Blades
 18306 | D:9      | Reached *** piety under Sif Muna
 18318 | D:9      | Noticed Erica
 18335 | D:9      | Killed Erica
 18336 | D:9      | Reached skill level 5 in Invocations
 18699 | D:9      | Noticed a wizard
 18710 | D:9      | Killed a wizard
 18983 | D:10     | Entered Level 10 of the Dungeon
 19353 | D:10     | Found a staircase to the Lair.
 19719 | D:10     | Noticed a two-headed ogre
 19719 | D:10     | Noticed a fire crab
 19726 | D:10     | Killed a fire crab
 19727 | D:10     | Reached skill level 1 in Ice Magic
 20033 | Lair:1   | Entered Level 1 of the Lair of Beasts
 20033 | Lair:1   | Noticed Harold
 20414 | Lair:1   | Killed Harold
 20415 | Lair:1   | Reached skill level 5 in Fighting
 20513 | Lair:1   | Reached **** piety under Sif Muna
 20623 | Lair:1   | Reached XP level 12. HP: 68/68 MP: 16/26
 20782 | Lair:1   | Identified the +7 hand crossbow "Bytoz" {vorpal, Str+8
                  | Int-2}
 20822 | Lair:1   | Learned a level 4 spell: Petrify
 20833 | Lair:1   | Identified the +6 kite shield of Dim Light {rF- Will+
                  | Int+7}
 21091 | Lair:2   | Found a staircase to the Snake Pit.
 21366 | Lair:2   | Found a staircase to the Swamp.
 22106 | Lair:3   | Noticed a seven-headed hydra
 22118 | Lair:3   | Killed a five-headed hydra
 22127 | Lair:3   | Noticed a six-headed hydra
 22272 | Lair:3   | Killed a five-headed hydra
 22273 | Lair:3   | Reached skill level 5 in Necromancy
 22556 | Lair:3   | Noticed Rupert
 22572 | Lair:3   | Killed Rupert
 22710 | Lair:3   | Noticed Fannar
 22733 | Lair:3   | Killed Fannar
 22913 | Lair:3   | Got the Incunabulum of the Traveller
 24413 | Lair:4   | Noticed a death yak
 24413 | Lair:4   | Noticed a death yak
 24413 | Lair:4   | Noticed a death yak
 24413 | Lair:4   | Noticed a death yak
 24413 | Lair:4   | Noticed a death yak
 24413 | Lair:4   | Noticed a death yak
 24461 | Lair:3   | Killed a death yak
 24880 | Lair:4   | Learned a level 5 spell: Borgnjor's Vile Clutch
 24923 | Lair:4   | Killed a death yak
 24929 | Lair:4   | Killed a death yak
 24932 | Lair:4   | Killed a death yak
 24933 | Lair:4   | Reached XP level 13. HP: 64/74 MP: 5/28
 24934 | Lair:4   | Reached skill level 5 in Long Blades
 26480 | Lair:5   | Reached skill level 10 in Earth Magic
 26833 | Lair:6   | Entered Level 6 of the Lair of Beasts
 27133 | Lair:6   | Found a staircase to the Slime Pits.
 27137 | Lair:6   | Reached skill level 10 in Conjurations
 27139 | Lair:6   | Paralysed by a floating eye for 2 turns
 28738 | Lair:6   | Reached skill level 10 in Spellcasting
 29121 | Lair:6   | Reached ***** piety under Sif Muna
 29176 | Lair:6   | Reached XP level 14. HP: 77/80 MP: 20/30
 29642 | Lair:6   | Learned a level 5 spell: Bolt of Magma
 29718 | Lair:6   | Received a gift from Sif Muna
 29721 | Lair:6   | Got Sif Muna's Guide on Conjuration {god gift}
 29832 | Lair:6   | Learned a level 6 spell: Iron Shot
 30137 | Lair:6   | Reached skill level 11 in Earth Magic
 30767 | Lair:6   | Identified the +5 trident of the Dove {flame, SInv Stlth+}
 31143 | Lair:6   | Reached XP level 15. HP: 84/84 MP: 31/31
 31800 | Orc:1    | Entered Level 1 of the Orcish Mines
 31922 | Orc:1    | Found a runed translucent gate.
 31922 | Orc:1    | Found a runed translucent gate.
 31922 | Orc:1    | Found a runed translucent gate.
 31922 | Orc:1    | Found an iron altar of Okawaru.
 31922 | Orc:1    | Noticed Segg's ghost (adept GnSk)
 32061 | Orc:2    | Entered Level 2 of the Orcish Mines
 32064 | Orc:2    | Noticed Jorgrun
 32220 | Orc:1    | Noticed an orc warlord
 32242 | Orc:1    | Killed an orc warlord
 32259 | Orc:1    | Reached skill level 10 in Dodging
 32472 | Orc:1    | Learned a level 5 spell: Bolt of Magma
 32686 | Orc:2    | Killed Jorgrun
 32687 | Orc:2    | Reached skill level 10 in Necromancy
 33469 | Orc:2    | Found Beuzena's General Store.
 33484 | Orc:2    | Noticed an orc warlord
 33647 | Orc:1    | Killed an orc warlord
 34053 | Orc:2    | Noticed an orc warlord
 34921 | Orc:2    | Gained mutation: You tend to lose your temper in combat. [a
                  | neqoxec]
 35194 | Orc:2    | Reached skill level 10 in Invocations
 35203 | Orc:2    | Killed an orc warlord
 35298 | Orc:2    | Lost mutation: You tend to lose your temper in combat.
                  | [potion of mutation]
 35298 | Orc:2    | Gained mutation: You are weak. (Str -2) [potion of
                  | mutation]
 35298 | Orc:2    | Gained mutation: You have large cloven feet. [potion of
                  | mutation]
 35298 | Orc:2    | Gained mutation: You passively dampen the noise of your
                  | surroundings. [potion of mutation]
 35298 | Orc:2    | Gained mutation: Your flesh is heat resistant. (rF+)
                  | [potion of mutation]
 35327 | Orc:2    | Bought a scroll of enchant armour for 135 gold pieces
 35449 | Orc:2    | Noticed an orc warlord
 35458 | Orc:2    | Killed an orc warlord
 35672 | Orc:2    | Found Wuble's Antique Armour Shoppe.
 35894 | Orc:2    | Found Wias's Antique Weapon Shop.
 35936 | Orc:2    | Found a staircase to the Elven Halls.
 35988 | Orc:2    | Found Pauvew's Jewellery Emporium.
 36897 | D:11     | Reached skill level 12 in Earth Magic
 37874 | D:11     | Received a gift from Sif Muna
 37875 | D:11     | Reached XP level 16. HP: 90/90 MP: 19/32
 37875 | D:11     | Got Sif Muna's Almanac of Lethal Dark Magic {god gift}
 41099 | D:13     | Received a gift from Sif Muna
 41102 | D:13     | Got Sif Muna's Further Progress in Magic {god gift}
 41447 | D:13     | Found a gate to the Vaults.
 41713 | D:13     | Found a runed translucent gate.
 41713 | D:13     | Found a runed translucent gate.
 41714 | D:13     | Found a runed translucent gate.
 41715 | D:13     | Noticed Xeymp's ghost (journeyman SpEn)
 41716 | D:13     | Noticed Leinaam's ghost (journeyman MiBe)
 42911 | D:14     | Reached skill level 1 in Armour
 43179 | D:15     | Entered Level 15 of the Dungeon
 43227 | D:15     | Noticed Josephine
 43232 | D:15     | Killed Josephine
 43666 | D:15     | Noticed Nessos
 43678 | D:15     | Killed Nessos
 43899 | D:14     | Learned a level 3 spell: Swiftness
 44237 | D:15     | HP: 1/92 [poisoned by a green ugly thing]
 44616 | D:15     | Found a transporter.
 44622 | D:15     | Noticed Ligaucub's ghost (journeyman BaSu)
 44651 | D:15     | Found a staircase to the Depths.
 44737 | D:15     | Noticed Louise
 44749 | D:15     | Killed Louise
 44936 | D:15     | Found a transporter.
 45422 | Swamp:1  | Entered Level 1 of the Swamp
 46139 | Swamp:1  | Reached skill level 1 in Air Magic
 47934 | Swamp:2  | Identified the +10 great sword "Aratarr" {antimagic, Str+2
                  | Int+2}
 47940 | Swamp:2  | Reached XP level 17. HP: 96/96 MP: 9/34
 48401 | Swamp:3  | Reached skill level 13 in Earth Magic
 48668 | Swamp:3  | Reached skill level 1 in Evocations
 48887 | Swamp:3  | Noticed Nikola
 48900 | Swamp:3  | Killed from afar by Nikola

Illustrated notes

Levels and vault maps discovered:
D:1:      amcnicky_arrival_wind_blow, layout_loops_corners,
          shapermc_ecumenical_altar_rom_forum, grunt_decor_fettered
D:2:      layout_basic, serial_shops, nicolae_shop_waterfront,
          mrwooster_statue_mirror
D:3:      minmay_chambers_of_threes, layout_basic,
          chequers_serial_rivers_micro_d, hangedman_decor_riveting,
          minmay_misc_feat_nine_boxes, st_stairs_4
D:4:      layout_layer_cave, mainiacjoe_overflow_six_doors_small,
          hangedman_glass_teeth, uniq_blork_the_orc
D:5:      layout_layer_cave, nicolae_tso_carved_into_rock,
          chequers_ossuary_entry_cave
D:6:      layout_layer_cave, mainiacjoe_overflow_boulevard
D:7:      layout_basic, okawaru_gym_becter, minmay_temple_entry_statues_pillars,
          enter_bailey_8, due_unseen_surprise
D:8:      layout_rooms, minmay_stone_trees_small
D:9:      layout_loops_ring, zombieorc1_lemuel, serial_bayou_lagoon_a,
          lightli_wizard_tower, uniq_erica
D:10:     layout_cave_pools, erik_lair_orcish_takeover, lightli_fourway_metalbox
D:11:     layout_basic, hangedman_stone_soup
D:12:     layout_rooms
D:13:     layout_basic, grunt_vaults_entry_fortified, gammafunk_ghost_cemetery
D:14:     layout_roguey, grunt_decor_one_mirror
D:15:     grunt_enter_depths_giant_problem, layout_irregular_city,
          gammafunk_ghost_arena, ebering_dispersal_statue_hall, uniq_josephine,
          uniq_louise, uniq_nessos
Temple:   regret_index_temple_mists
Lair:1:   layout_big_grid, serial_bayou_crossing, uniq_harold
Lair:2:   layout_loops_ring, skrybe_swamp_entry_bodies,
          guppyfry_snake_entry_island
Lair:3:   layout_long_grid, mumra_transporter_accident, serial_bayou_shore_a,
          uniq_fannar, uniq_rupert
Lair:4:   layout_long_grid, gammafunk_lair_bear_cave, lemuel_fruit_fields
Lair:5:   layout_cave_shapes, serial_bayou, serial_bayou_shore_b,
          serial_bayou_lagoon_b, serial_bayou_pond_d, serial_bayou_ford_a,
          cheibrodos_lair_reptile_den
Lair:6:   minmay_lair_end_frog_pond, layout_small_grid, minmay_slime_entry_eyes,
          gauntlet_entry_generic, nicolae_volcano_entry_vermiform,
          nzn_sisyphean_effort
Swamp:1:  layout_falls_marsh, hangedman_swamp_ruin_wall,
          nicolae_swamp_stuck_in_the_mud
Swamp:2:  layout_basic_swamp, evilmike_swamp_ruin_house_4, swamp_pool4,
          grunt_lady_of_the_lake
Swamp:3:  layout_basic_swamp, nicolae_swamp_big_swirl, uniq_nikola, uniq_mara,
          uniq_bai_suzhen
Orc:1:    layout_caves, gammafunk_ghost_fury_of_okawaru
Orc:2:    grunt_orc_gardens, layout_caves, grunt_orc_garden, grunt_orc_garden,
          grunt_orc_garden, grunt_orc_garden, minmay_orc_barracks, uniq_jorgrun

Skill      XL: |  1  2  3  4  5  6  7  8  9 10 11 12 13 14 15 16 17 |
---------------+----------------------------------------------------+-----
Stealth        | 3 4 5 6 7 9 |  9.1
Dodging        | 3 4 5 6 7 8 9 10 11 | 11.0
Fighting       | 1 2 3 4 5 6 7 |  7.5
Earth Magic    | 4 5 6 7 9 10 11 12 13 | 13.0
Conjurations   | 1 2 3 4 5 6 8 9 10 11 12 | 12.7
Spellcasting   | 4 5 6 8 9 10 11 | 11.6
Hexes          | 2 3 4 6 7 9 |  9.8
Invocations    | 4 5 7 9 10 | 10.9
Shields        | 4 |  4.0
Necromancy     | 4 6 8 9 10 11 12 | 12.0
Long Blades    | 3 4 6 7 8 9 |  9.6
Ice Magic      | 1 4 |  4.7
Armour         | 2 |  2.8
Air Magic      | 1 |  1.8
Evocations     | 1 |  1.1
Transmutations | |  1.1

Action                   |  1- 3 |  4- 6 |  7- 9 | 10-12 | 13-15 | 16-18 || total
-------------------------+-------+-------+-------+-------+-------+-------++-------
Melee: Short sword       |    18 |    14 |       |       |       |       ||    32
       Dagger            |       |    36 |     8 |    56 |       |       ||   100
       Falchion          |       |       |       |    90 |   264 |   134 ||   488
       Scimitar          |       |       |       |     4 |       |       ||     4
 Fire: Shortbow          |       |    12 |    39 |       |       |       ||    51
 Cast: Sandblast         |    30 |    47 |    99 |    61 |    32 |     4 ||   273
       Magic Dart        |    30 |    20 |    15 |    18 |    10 |     1 ||    94
       Stone Arrow       |     2 |    16 |    85 |   195 |    44 |       ||   342
       Tukima's Dance    |       |       |    11 |    40 |    34 |    17 ||   102
       Passwall          |       |       |     2 |     5 |       |     4 ||    11
       Hailstorm         |       |       |       |     5 |     8 |     7 ||    20
       Borgnjor's Vile C |       |       |       |     3 |   126 |    43 ||   172
       Petrify           |       |       |       |     2 |       |       ||     2
       Iron Shot         |       |       |       |       |    73 |   114 ||   187
       Bolt of Magma     |       |       |       |       |     6 |    50 ||    56
Invok: Channel Magic     |       |       |       |       |     6 |     2 ||     8
Evoke: Wand              |       |       |       |     1 |     3 |       ||     4
  Use: Scroll            |       |    13 |     2 |    19 |    12 |     2 ||    48
       Potion            |       |     1 |     1 |     4 |     3 |     1 ||    10
 Stab: Sleeping          |       |     2 |     1 |     2 |     3 |     2 ||    10
       Distracted        |       |       |       |     1 |       |       ||     1
Armor: Robe              |    10 |    17 |     2 |    36 |    58 |    25 ||   148
       Steam dragon scal |       |       |     5 |    17 |       |       ||    22
       Leather armour    |       |       |       |       |       |    10 ||    10
Dodge: Dodged            |    29 |    52 |    82 |   274 |   359 |   176 ||   972
Block: Buckler           |       |       |       |    49 |   139 |    74 ||   262
       Rpst.: Falchion   |       |       |       |    47 |    99 |    41 ||   187
